 Dungeon Crawl Stone Soup version 0.32-a0-996-gb3226c233f (webtiles) character file.

Game seed: 6459810904355438002

24885 Zigma the Martial Artist (level 13, -5/106 HPs)
             Began as an Octopode Monk on Apr 23, 2024.
             Was a High Priest of Beogh.
             Killed from afar by a fire giant (12 damage)
             ... with a bolt of fire
             ... on level 13 of the Dungeon.
             The game lasted 00:22:11 (13586 turns).

Zigma the Martial Artist (Octopode Monk)           Turns: 13586, Time: 00:22:11

Health: -5/106     AC: 14    Str: 22    XL:     13   Next: 16%
Magic:  0/18       EV: 16    Int: 13    God:    Beogh [*****.]
Gold:   213        SH:  0    Dex: 18    Spells: 12/12 levels left

rFire   + .          .
                       - Unarmed
rCold   . . .        b - melded orb {light}
rNeg    . . .        (helmet currently unavailable)
rPois   +            J - amulet "Pekafalu" {Spirit ^Fragile +Blink rCorr Str+6}
rElec   .            c - ring of resist corrosion
rCorr   +            f - ring of willpower
SInv    +            h - ring of flight
Will    +....        n - +5 ring of evasion
Stlth   ++++         l - ring of fire
HPRegen 0.37/turn    w - ring of see invisible
MPRegen 0.16/turn    G - ring of protection from cold
                     q - +4 ring of protection

%: guardian spirit
@: mighty, snake-form, flying, hasted, very quick
A: constrict, boosted hp, walk on water, almost no armour, amphibious, 8 rings,
large, (camouflage 1), (gelatinous body 1), (nimble swimmer 1), (tentacles),
(iridescent scales 1), robust 1
a: Begin Untransformation, Renounce Religion, Evoke Blink, Smiting, Recall
Apostles, Blood for Blood, Dismiss Warbeogh, warrior, Dismiss Margrim, wizard,
Dismiss Bogwik, wizard


You were on level 13 of the Dungeon.
You worshipped Beogh.
Beogh was extremely pleased with you.
You were an enormous serpent.
You visited 2 branches of the dungeon, and saw 14 of its levels.
You also visited: Ossuary.

You collected 948 gold pieces.
You spent 735 gold pieces at shops.

Inventory:

Armour
 b - an orb of light (melded)
Jewellery
 c - a ring of resist corrosion (left tentacle)
 f - a ring of willpower (right tentacle)
 h - a ring of flight (on tentacle)
 l - a ring of fire (on tentacle)
 n - a +5 ring of evasion (on tentacle)
 q - a +4 ring of protection (on tentacle)
 w - a ring of see invisible (on tentacle)
 G - a ring of protection from cold (on tentacle)
 J - the amulet "Pekafalu" (around neck) {Spirit ^Fragile +Blink rCorr Str+6}
   (You bought it in a shop on level 9 of the Dungeon)

   [amulet of guardian spirit]

   Spirit:    It causes incoming damage to be divided between your reserves of
   health and magic.
   Str+6:     It affects your strength (+6).
   +Blink:    It lets you blink.
   rCorr:     It protects you from acid and corrosion.
   ^Fragile:  It will be destroyed if unequipped.
Talismans
 E - a blade talisman
 H - a serpent talisman (active)
Wands
 K - a wand of digging (5)
Scrolls
 e - 4 scrolls of teleportation
 g - 3 scrolls of enchant armour
 j - 2 scrolls of vulnerability
 k - a scroll of blinking {unknown}
 m - a scroll of silence
 r - a scroll of brand weapon {unknown}
 t - 8 scrolls of noise
 v - 3 scrolls of poison
 y - 2 scrolls of immolation {unknown}
 z - a scroll of enchant weapon {unknown}
 D - 2 scrolls of fear {unknown}
 F - 7 scrolls of identify
Potions
 d - a potion of magic {unknown}
 i - 4 potions of mutation
 o - 2 potions of brilliance
 p - 2 potions of curing {unknown}
 s - 2 potions of invisibility
 u - 3 potions of might
 x - a potion of attraction {unknown}
 A - a potion of haste
 B - 2 potions of enlightenment
 C - 6 potions of lignification
 I - a potion of cancellation {unknown}
Miscellaneous
 a - a condenser vane


   Skills:
 + Level 4.7 Fighting
 + Level 5.4 Dodging
 + Level 8.8 Stealth
 * Level 14.5 Unarmed Combat
 * Level 7.4 Invocations
 + Level 11.6 Shapeshifting


You had 12 spell levels left.
You didn't know any spells.
Your spell library contained the following spells:

 Spells                   Type           Power      Damage    Failure   Level
 Necrotise                Necr           0%         1d4       30%         1
 Cigotuvi's Dreadful Rot  Necr/Alch/Air  0%         N/A       43%         2
 Lesser Beckoning         Tloc           0%         N/A       43%         2
 Dazzling Flash           Conj/Hex       0%         N/A       67%         3
 Maxwell's Portable Pile  Tloc           0%         2d(5-13)  67%         3
 Mephitic Cloud           Conj/Alch/Air  0%         N/A       67%         3
 Sigil of Binding         Hex            0%         N/A       67%         3
 Teleport Other           Tloc           0%         N/A       67%         3
 Vampiric Draining        Necr           0%         2d6       67%         3
 Anguish                  Hex/Necr       0%         N/A       97%         4
 Animate Dead             Necr           0%         N/A       97%         4
 Cause Fear               Hex            0%         N/A       97%         4
 Ignite Poison            Fire/Alch      0%         N/A       97%         4
 Martyr's Knell           Necr/Summ      0%         N/A       97%         4
 Vhi's Electric Charge    Tloc/Air       0%         N/A       97%         4
 Arcjolt                  Conj/Air       0%         1d10      100%        5
 Borgnjor's Vile Clutch   Necr/Erth      0%         N/A       100%        5
 Curse of Agony           Necr           0%         N/A       100%        5
 Freezing Cloud           Conj/Ice/Air   0%         6-21      100%        5
 Silence                  Hex/Air        0%         N/A       100%        5
 Death Channel            Necr           0%         N/A       100%        6
 Plasma Beam              Fire/Air       0%         2x1d10    100%        6
 Enfeeble                 Hex            0%         N/A       100%        7


Dungeon Overview and Level Annotations

Branches:
Dungeon (13/15)            Temple (1/1) D:6            Lair (0/5) D:10
    Orc (0/2) D:11         Vaults (0/5) D:13        Ossuary (visited)

Altars:
Ashenzari
Cheibriados
Dithmenos
Elyvilon
Fedhas
Gozag
Hepliaklqana
Kikubaaqudgha
Makhleb
Nemelex Xobeh
Okawaru
Qazlal
Ru
Sif Muna
Trog
Uskayaw
Vehumet
Wu Jian
Xom
Yredelemnul
Zin
The Shining One

Shops:
D:9 =   D:10 [


Innate Abilities, Weirdness & Mutations

You are an enormous serpent.
You have a powerful constriction melee attack.
Your maximum health is increased.
Your armour is entirely melded.
You are incapable of wielding weapons or throwing items.
You can walk on water.
Your facial features are unmistakably orcish.
You cannot wear most types of armour.
You are amphibious.
You can wear up to eight rings at the same time.
((Your skin changes colour to match your surroundings (Stealth+).))
((Your rubbery body absorbs attacks. (AC +1, EV +1)))
((You are camouflaged when in or above water. (Stealth+)))
((You have tentacles for arms and can constrict up to eight enemies at once.))
((You are partially covered in iridescent scales. (AC +2)))
You are robust. (+10% HP)


Message History

Okay, then.
Unknown command.
You feel very mighty all of a sudden.
A phantasmal warrior comes into view.
An electric eel comes into view.
The fire dragon misses you. The fire dragon claws you.
* * * LOW HITPOINT WARNING * * *
The fire dragon tramples you but does no damage.
You barely miss the fire dragon.
The fire dragon is severely wounded.
The fire dragon misses you. The fire dragon claws you.
* * * LOW MAGIC WARNING * * *
The fire dragon tramples you.
* * * LOW MAGIC WARNING * * *;
* * * LOW HITPOINT WARNING * * *
You are shoved backwards!
You hit the fire dragon.
The fire dragon is severely wounded.
The fire dragon misses you. The fire dragon closely misses you.
The fire dragon misses you.
You feel yourself speed up. The fire dragon closely misses you.
The fire dragon claws you.
* * * LOW HITPOINT WARNING * * *
The fire dragon tramples you but does no damage.
The fire giant attacks as it pursues you!
The fire giant hits you with a +0 great sword of flaming!!
* * * LOW MAGIC WARNING * * *;
* * * LOW HITPOINT WARNING * * *
The fire giant burns you.
* * * LOW MAGIC WARNING * * *;
* * * LOW HITPOINT WARNING * * *
The fire dragon breathes flames at you.
The blast of flame hits the fire giant.
The fire giant resists.
The blast of flame hits you! You resist.
* * * LOW MAGIC WARNING * * *;
* * * LOW HITPOINT WARNING * * *
The phantasmal warrior is engulfed in a cloud of scalding steam.
The phantasmal warrior gestures at you.
The phantasmal warrior blinks!
The phantasmal warrior gestures at you.
The phantasmal warrior blinks!
The fire giant casts a spell at you. The bolt of fire hits you! You resist.
* * * LOW MAGIC WARNING * * *
You die...

#≈≈≈...# #≈≈~~..#
#≈≈≈≈..# #≈≈~~..#
#≈≈~...# #≈~~...#
####≈~....# .
##≈≈≈≈~....# #.
##≈≈≈≈S....## #..
#≈≈≈≈§.....# #...
#≈≈§§......#
###..###~C~W.....##
~~S..~≈~~D..§....#
..~..~..........##
...............##
.............###
..........####


You could see a fire giant and a phantasmal warrior.

Vanquished Creatures
  3 vault guards (D:13)
  2 centaur warriors
  2 two-headed ogres (D:12)
  2 boulder beetles
  An occultist (D:10)
  3 skeletal warriors (D:11)
  2 ugly things
  A cyclops (D:12)
  2 manticores (D:13)
  Psyche (D:11)
  4 trolls
  3 hornets
  9 slime creatures (D:13)
  A vampire (D:10)
  A water elemental (D:13)
  2 wyverns (D:10)
  2 wraiths (D:12)
  3 shadows
  A basilisk (D:10)
  7 humans (D:13)
  8 yaks (D:10)
  A steam dragon (D:7)
  An acid dragon (D:12)
  A water moccasin (D:9)
  4 orc warriors
  A sky beast (D:8)
  2 laughing skulls (D:13)
  5 black bears
  An ogre (D:7)
  12 centaurs
  A kobold brigand (D:8)
  2 phantoms
  An elf zombie (Ossuary)
  2 bullfrogs
  2 gnoll sergeants
  A scorpion (D:6)
  3 wights (D:8)
  2 burial acolytes (Ossuary)
  4 killer bees
  2 howler monkeys
  2 electric eels (D:13)
  A human zombie (Ossuary)
  A bombardier beetle (D:3)
  2 jellies (D:7)
  3 orc priests
  3 hounds (D:5)
  Jessica (D:3)
  5 iguanas
  10 orc wizards
  6 mummies (Ossuary)
  4 gnolls (D:4)
  6 adders
  2 white imps (D:6)
  2 ufetubi (D:6)
  2 ribbon worms
  5 dart slugs
  15 orcs
  4 bats
  10 endoplasms
  7 giant cockroaches
  6 goblins
  6 hobgoblins
  5 kobolds
  3 quokkas
  12 ball pythons
  A frilled lizard (D:3)
  4 gnoll zombies (Ossuary)
  A kobold zombie (Ossuary)
  An orc zombie (Ossuary)
  4 rats
242 creatures vanquished.

Vanquished Creatures (collateral kills)
  A tengu warrior (D:11)
  A skeletal warrior (D:11)
  A tengu conjurer (D:11)
  2 trolls (D:10)
  A hornet (D:11)
  A shadow (D:10)
  2 wyverns
  7 yaks
  An acid dragon (D:11)
  A swamp drake (D:11)
  An orc warrior (D:10)
  An ogre (D:11)
  2 centaurs
  2 bullfrogs (D:7)
  A scorpion (D:7)
  2 wights (D:8)
  7 killer bees
  An iguana (D:7)
  3 gnolls (D:10)
  2 orcs (D:11)
  6 kobolds (D:8)
46 creatures vanquished.

Vanquished Creatures (others)
  3 orc apostles (D:11)
  An orc warrior (D:12)
  6 orcs
  12 foxfires (D:11)
22 creatures vanquished.

Grand Total: 310 creatures vanquished

Notes
Turn   | Place    | Note
-------+----------+-------------------------------------------
     0 | D:1      | Zigma the Octopode Monk began the quest for the Orb.
     0 | D:1      | Reached XP level 1. HP: 16/16 MP: 1/1
   129 | D:1      | Reached XP level 2. HP: 21/21 MP: 2/2
   805 | D:1      | Reached XP level 3. HP: 26/26 MP: 3/3
   845 | D:1      | Found a faded altar of an unknown god.
  1197 | D:2      | Reached skill level 4 in Unarmed Combat
  1562 | D:2      | Reached XP level 4. HP: 31/31 MP: 4/4
  2005 | D:3      | Noticed a bullfrog
  2009 | D:3      | Killed a bullfrog
  2010 | D:3      | Reached skill level 1 in Stealth
  2010 | D:3      | Reached XP level 5. HP: 36/36 MP: 5/5
  2032 | D:3      | Reached skill level 5 in Unarmed Combat
  2297 | D:3      | Noticed a phantom
  2316 | D:3      | Killed a phantom
  2436 | D:3      | Reached XP level 6. HP: 42/42 MP: 6/6
  2458 | D:3      | Noticed Jessica
  2464 | D:3      | Killed Jessica
  2734 | D:3      | Found a snail-covered altar of Cheibriados.
  2910 | D:4      | Reached skill level 6 in Unarmed Combat
  2940 | D:4      | Became a worshipper of Beogh the Shepherd
  2940 | D:4      | Reached * piety under Beogh
  2940 | D:4      | Reached ** piety under Beogh
  3093 | D:4      | Found a blossoming altar of Fedhas.
  3156 | D:4      | Reached XP level 7. HP: 28/46 MP: 7/7
  3520 | D:5      | Entered Level 5 of the Dungeon
  3582 | D:5      | Reached skill level 1 in Invocations
  3708 | D:5      | Reached skill level 7 in Unarmed Combat
  3954 | D:5      | Found an iron altar of Okawaru.
  4011 | D:5      | Found a shadowy altar of Dithmenos.
  4012 | D:5      | Found a sparkling altar of Nemelex Xobeh.
  4014 | D:5      | Found a shimmering blue altar of Sif Muna.
  4014 | D:5      | Found a white marble altar of Elyvilon.
  4487 | D:6      | Reached skill level 8 in Unarmed Combat
  4487 | D:6      | Reached XP level 8. HP: 16/54 MP: 4/9
  4490 | D:6      | Found a sand-covered staircase.
  4618 | Ossuary  | Entered an ossuary
  4960 | Ossuary  | Gained mutation: You are robust. (+10% HP) [potion of
                  | mutation]
  4960 | Ossuary  | Gained mutation: You are partially covered in iridescent
                  | scales. (AC +2) [potion of mutation]
  5019 | D:6      | Reached *** piety under Beogh
  5030 | D:6      | Identified the +7 war axe "Rudit" {venom, rC+ Dex+3}
  5030 | D:6      | Noticed Warbeogh
  5040 | D:6      | Anointed Warbeogh the warrior as your apostle
  5075 | D:6      | Reached skill level 9 in Unarmed Combat
  5240 | D:6      | Found a staircase to the Ecumenical Temple.
  5453 | Temple   | Entered the Ecumenical Temple
  5537 | D:7      | Noticed a wyvern
  5544 | D:7      | Killed a wyvern
  5545 | D:7      | Reached XP level 9. HP: 19/63 MP: 2/11
  5728 | D:7      | Reached skill level 10 in Unarmed Combat
  6025 | D:7      | Identified the +8 dagger of Chagrin {holy, Str+5 Int-3}
  6025 | D:7      | Identified the +2 robe "Weazaot Inou" {rCorr Int+3}
  6025 | D:7      | Noticed Margrim
  6026 | D:7      | Reached skill level 5 in Stealth
  6042 | D:7      | Anointed Margrim the wizard as your apostle
  6078 | D:7      | Found a shimmering altar of Xom.
  6450 | D:8      | Found a broken altar of Ashenzari.
  6547 | D:8      | Reached skill level 11 in Unarmed Combat
  6628 | D:8      | Found a hazy altar of Hepliaklqana.
  6843 | D:8      | Found a radiant altar of Vehumet.
  7109 | D:9      | Found Yjisonwo's Jewellery Shop.
  7150 | D:9      | Reached **** piety under Beogh
  7151 | D:9      | Reached XP level 10. HP: 63/70 MP: 11/13
  7281 | D:9      | Found an ornate altar of the Wu Jian Council.
  7300 | D:9      | Found a sacrificial altar of Ru.
  7355 | D:9      | Reached skill level 5 in Invocations
  7454 | D:9      | Paralysed by a hornet for 3 turns
  7459 | D:9      | Reached skill level 12 in Unarmed Combat
  7714 | D:9      | Found an ancient bone altar of Kikubaaqudgha.
  7849 | D:10     | Entered Level 10 of the Dungeon
  7857 | D:10     | Found a staircase to the Lair.
  8017 | D:10     | Found Plog's Armour Shoppe.
  8212 | D:10     | Noticed an occultist
  8221 | D:10     | Killed an occultist
  8248 | D:10     | Reached skill level 5 in Dodging
  8248 | D:10     | Reached skill level 13 in Unarmed Combat
  8326 | D:10     | Reached skill level 1 in Shapeshifting
  8372 | D:10     | Noticed a cyan ugly thing
  8382 | D:10     | Killed a cyan ugly thing
  8383 | D:10     | Reached XP level 11. HP: 57/77 MP: 10/15
  8511 | D:10     | Reached skill level 5 in Shapeshifting
  9282 | D:10     | You are sucked into a shaft and drop 3 floors!
  9285 | D:13     | Noticed a manticore
  9347 | D:11     | Noticed a centaur warrior
  9366 | D:11     | Killed a centaur warrior
  9685 | D:9      | Bought the amulet "Pekafalu" {Spirit ^Fragile +Blink rCorr
                  | Str+6} for 735 gold pieces
 10086 | D:11     | Found a staircase to the Orcish Mines.
 10214 | D:11     | Noticed Bogwik
 10224 | D:11     | Anointed Bogwik the wizard as your apostle
 10387 | D:11     | Noticed a tengu warrior
 10398 | D:11     | Your ally Margrim died
 10402 | D:11     | Killed a tengu warrior
 10405 | D:11     | Your ally Warbeogh died
 10533 | D:11     | Noticed a skeletal warrior
 10535 | D:11     | Noticed a skeletal warrior
 10536 | D:11     | Noticed a skeletal warrior
 10546 | D:11     | Killed a skeletal warrior
 10547 | D:11     | Reached XP level 12. HP: 28/82 MP: 5/16
 10560 | D:11     | Your ally Bogwik died
 10765 | D:11     | Reached skill level 10 in Shapeshifting
 10928 | D:11     | Noticed Psyche
 10937 | D:11     | Killed Psyche
 11628 | D:12     | Noticed a boulder beetle
 11666 | D:12     | Killed a boulder beetle
 11809 | D:12     | Noticed a two-headed ogre
 11813 | D:12     | Killed a two-headed ogre
 11976 | D:12     | Noticed a centaur warrior
 11985 | D:12     | Killed a centaur warrior
 12140 | D:12     | Noticed a two-headed ogre
 12143 | D:12     | Killed a two-headed ogre
 13001 | D:13     | Noticed a vault guard
 13001 | D:13     | Noticed a vault guard
 13033 | D:13     | Killed a vault guard
 13033 | D:13     | Reached ***** piety under Beogh
 13077 | D:13     | Noticed a vault guard
 13083 | D:13     | Reached skill level 14 in Unarmed Combat
 13090 | D:13     | Killed a vault guard
 13091 | D:13     | Reached XP level 13. HP: 81/89 MP: 15/18
 13106 | D:13     | Noticed a vault guard
 13117 | D:13     | Killed a vault guard
 13353 | D:13     | Found a gate to the Vaults.
 13564 | D:13     | Noticed a fire dragon
 13575 | D:13     | Noticed a fire giant
 13586 | D:13     | Killed from afar by a fire giant

Illustrated notes

Levels and vault maps discovered:
D:1:      matt_arrival_diagonals, layout_basic,
          ebering_ecumenical_altar_abandoned
D:2:      layout_basic, st_stairs_10
D:3:      minmay_recursive_quarters, layout_rooms, slow_altar_1,
          minmay_misc_feat_chi, uniq_jessica
D:4:      layout_gridville, mainiacjoe_overflow_alcove_2,
          nicolae_concentric_dashed_squares_mild
D:5:      layout_loops_corners, mainiacjoe_overflow_brackets,
          chequers_temple_overflow_statue_of_worship
D:6:      layout_rooms, temple_statues, chequers_ossuary_entry_cave
D:7:      layout_cave_pools, old_standard_altar
D:8:      layout_rooms, nicolae_vehumet_altar_sigil, lemuel_doored_altar,
          evilmike_ruin_ashenzari
D:9:      layout_long_grid, jmf_multi_god_temple2,
          mainiacjoe_overflow_tiny_flanked, serial_shops, shop,
          minmay_misc_feat_pillars
D:10:     minmay_razor_zed, layout_irregular_city, david_lair_generic,
          serial_shops, shop
D:11:     layout_stronghold, erik_orc_1, uniq_psyche
D:12:     layout_gridville
D:13:     cross_vault, layout_cave_pools, ximxim_vaults_locker_room
Temple:   hellmonk_temple_forest_ring

Skill      XL: |  1  2  3  4  5  6  7  8  9 10 11 12 |
---------------+-------------------------------------+-----
Unarmed Combat | 4 5 6 8 9 11 13 14 | 14.5
Stealth        | 1 2 3 4 6 7 8 |  8.8
Invocations    | 2 3 4 5 7 |  7.4
Dodging        | 4 5 |  5.4
Fighting       | 4 |  4.7
Shapeshifting  | 3 9 11 | 11.6

Action                     |  1- 3 |  4- 6 |  7- 9 | 10-12 | 13-15 || total
---------------------------+-------+-------+-------+-------+-------++-------
  Melee: Unarmed           |    52 |    87 |   164 |   342 |    45 ||   690
         Constrict         |    20 |    24 |    57 |    51 |     6 ||   158
         Tentacles         |    13 |    20 |    57 |    45 |       ||   135
         Punch             |     5 |     1 |    10 |    29 |       ||    45
 Invoke: Convert to Beogh  |       |     1 |       |       |       ||     1
         Recruit Apostle   |       |       |     2 |     1 |       ||     3
         Recall Apostles   |       |       |       |     3 |       ||     3
         Smiting           |       |       |       |     1 |     1 ||     2
  Evoke: Condenser vane    |       |       |       |     1 |       ||     1
    Use: Scroll            |       |     2 |    12 |     1 |       ||    15
         Potion            |       |       |     5 |     7 |     2 ||    14
   Stab: Sleeping          |     1 |     2 |     9 |     5 |       ||    17
         Distracted        |       |       |     2 |     4 |       ||     6
         Confused          |       |       |       |     2 |       ||     2
         Invisible         |       |       |       |    10 |       ||    10
 Armour: Skin              |    13 |    32 |    61 |   228 |    44 ||   378
  Dodge: Dodged            |    26 |    45 |   108 |   281 |    27 ||   487
   Form: Serpent           |       |       |       |     2 |       ||     2
         Blade             |       |       |       |     1 |       ||     1

Table legend: (Time is in decaauts)
 A = Elapsed time spent in this place.
 B = Non-inter-level travel time spent in this place.
 C = Inter-level travel time spent in this place.
 D = Time resting spent in this place.
 E = Time spent auto-exploring this place.
 F = Levels seen in this place.
 G = Mean time per level.
                   A        B        C        D        E       F      G
               +--------+--------+--------+--------+--------+-----+--------+
         Total |  13444 |  12980 |    464 |    119 |  11173 |  15 |  896.3 |
       Dungeon |  13090 |  12627 |    463 |    119 |  10883 |  13 | 1006.9 |
        Temple |      1 |      0 |      1 |      0 |      0 |   1 |    1.0 |
       Ossuary |    351 |    351 |      0 |      0 |    290 |   1 |  351.0 |
               +--------+--------+--------+--------+--------+-----+--------+

Top non-repeatable levels by time:
    D:11: 1802 daAuts
    D:10: 1645 daAuts
    D:13: 1272 daAuts
     D:1: 1180 daAuts
     D:9: 1006 daAuts
     D:5: 923 daAuts
     D:7: 841 daAuts
    D:12: 835 daAuts
     D:2: 819 daAuts
     D:3: 818 daAuts
     D:4: 686 daAuts
     D:6: 664 daAuts
     D:8: 593 daAuts
 Ossuary: 351 daAuts
  Temple: 1 daAuts
